Workbook

Sheet Formular
C5: =CHOOSE(Text!O1,Text!N2,Text!N3,Text!N4,Text!N5,Text!N6,Text!N7,Text!N8,Text!N9,Text!N10,Text!N11,Text!N12,Text!N13) -> English
C7: SURE (SUSTAINABLE RESOURCES Verification Scheme)
C8: =Text!A2 -> APPLICATION FORM
C9: =Text!A3 -> for inspection and certification for
C11: =Text!A4 -> approving sustainability according "Renewable Energy Directive" of European Commission (2018/2001)
C12: =Text!A5 -> With this form you can request a tentative offer. | U12: xc
C14: =Text!A7 -> name and legal form of the applying company | F14: =Text!A9 -> company address
C15: =Text!A8 -> (Please enter the complete company name) | F15: =Text!A10 -> (Street, postcode, city, state, post office box)
C17: =Text!A11 -> legal representative of the company | F17: =Text!A13 -> contact person in the company
C18: =Text!A12 -> (Name and function) | F18: =Text!A14 -> (Please specify where not identical with the legal representative)
C20: =Text!A15 -> Phone / Fax | F20: =Text!A16 -> E-mail (and / or website)
C23: =Text!A17 -> VAT-Nr.
D26: =Text!A18 -> details of application
D27: =Text!A19 -> - please tick where applicable -
C28: =Text!A76 -> There already is or was certification along against an RED scheme in place (SURE, REDcert, ISCC, 2BSvs, etc).
D29: =Text!A77 -> yes, according the following standard:
D30: =Text!A21 -> no, this is initial application for SURE
C32: =Text!A23 -> This application is regarding the certification according:
D33: ISCC-EU | E33: =Text!A24 -> EU - accepted scheme | G33: www.ISCC-system.org
D34: ISCC-PLUS | E34: =Text!A25 -> voluntary scheme | G34: www.ISCC-system.org
D35: =Text!#REF! -> #REF!
D36: =Text!#REF! -> #REF!
P37: FALSE | Q37: =IF(P37=TRUE,1,0) -> 0
C38: =Text!A28 -> the certification covers individual GreenHouse Gas calculation | P38: FALSE | Q38: =IF(P38=TRUE,8,0) -> 0
D39: =Text!A27 -> no | P39: FALSE | Q39: =IF(P39=TRUE,12,16) -> 16
D40: =Text!A29 -> for this (one) interface or | G40: =Text!A30 -> across several interfaces | L40: THG | P40: FALSE | Q40: =IF(P40=TRUE,24,20) -> 20
D41: =Text!A31 -> yes, for following goods and processes: | L41: SSt | M41: tool | N41: Dritte | Q41: =Q37+Q38+Q39+Q40 -> 36
D42: =Text!#REF! -> #REF! | J42: a | K42: 1 | L42: 1 | Q42: =IF(Q41<40,1,IF(Q41<44,2,3)) -> 1
D43: =Text!#REF! -> #REF! | J43: b | K43: >1 | L43: 8
D44: =Text!A32 -> the GHG calculation is basing on data of third parties (e.g. farms) | J44: c | K44: ja | M44: 12
J45: d | K45: nein | M45: 16
J46: e | K46: nein | N46: 20
C48: =Text!A35 -> The application for certification is filed regarding: | K48: ace | L48: =L42+M44+N46 -> 33 | N48: bce | O48: =L43+M44+N46 -> 40
D49: =Text!A36 -> grower (agricukture/forestry)
D50: =Text!A37 -> First Gathering Point (agriculture/forestry) | F50: =Text!A45 -> number of locations: | K50: ade | L50: =L42+M45+N46 -> 37 | N50: bde | O50: =L43+M45+N46 -> 44
D51: =Text!A38 -> Collecting Point (waste/residues) | F51: =Text!A45 -> number of locations: | K51: adf | L51: =L42+M45+#REF! -> #REF! | N51: bdf | O51: =L43+M45+#REF! -> #REF!
D52: =Text!A39 -> Storage company | F52: =Text!A45 -> number of locations:
D53: =Text!#REF! -> #REF! | F53: =Text!A45 -> number of locations:
D54: =Text!A40 -> Processing company | F54: =Text!A45 -> number of locations:
D55: =Text!A41 -> conversion units (electricity / heat generation)
D56: =Text!A42 -> Trader
D57: =Text!A43 -> free text
D59: =Text!A44 -> company structure
C60: =Text!A46 -> Description of the company
D61: =Text!A47 -> All activities are directly executed by the applying company.
D62: =Text!A48 -> Parts of the above mentioned activities are done by different legal entities of same company.
D63: =Text!A49 -> Please describe how the other legal entities are involved (e.g. if your company is part of a holding and technic or manpower is internally provided as service)
D65: =Text!A50 -> Parts of the above mentioned activities are conducted by third parties.
D66: =Text!A51 -> Please describe how the subcontractors are involved / type of business / function.
C69: =Text!A52 -> Company departments
C70: =Text!A53 -> Please list here your company departments (e.g. collecting point, administration, processing and so on)
C71: =Text!A68 -> Name of operational unit | E71: =Text!A69 -> Location | F71: =Text!A70 -> Function(s)
C85: =Text!A55 -> if applicable: please shortly describe the travel time between the locations
C87: =Text!A57 -> For agraricultural first gathering points:
C88: =Text!A58 -> number of pre-supplier (agraric, forestal)
C89: =Text!A59 -> location of supplying sites (country, region)
C91: =Text!A60 -> The exact data of location are nown and/or available. | H91: =Text!A81 -> no
C92: =Text!A61 -> 0 | H92: =Text!A81 -> no
C93: =Text!A62 -> All agricultural supplier demonstrably participate in cross compliance. | H93: =Text!A81 -> no
C94: =Text!A63 -> 0
C95: =Text!A64 -> number of pre-supplier (points of origin of waste/residues)
C96: =Text!A65 -> thereof supplier generating more than 10 tons of a waste / residue per month (120 t / year)
C98: =Text!A66 -> for processing and conversion units
C99: =Text!A67 -> date of inital operation
C101: =Text!A71 -> Flow of goods
C102: =Text!A72 -> Please list the goods receiving (raw material) and goods issuing (products) that are relevant for sustainability certification.
C103: =Text!A73 -> goods receipt | F103: =Text!A74 -> goods issue
D109: =Text!A75 -> management
C111: =Text!A76 -> There already is or was certification along against an RED scheme in place (SURE, REDcert, ISCC, 2BSvs, etc).
D112: =Text!A77 -> yes, according the following standard:
D113: =Text!A78 -> no
C115: =Text!A79 -> The applying company has implemented further standards which document management, product hygiene, traceability or similar.
D116: =Text!A80 -> yes, following standards:
D117: =Text!A81 -> no
C119: =Text!A82 -> The signee declares that he thruthfull and completely filled out the application form.
C120: =Text!A83 -> Name of company
C122: =Text!A84 -> Legal representative of the company
C124: =Text!A85 -> Date, Signature
C126: =Text!A86 -> Basing on the above mentioned information the Control Union Certifications Germany GmbH will provide and send the applicant a non-binding offer.
D128: =Text!A87 -> Please send the filled application form to your local contact office or to: | H128: cucg.sales@controlunion.com
C129: Mit Rücksendung dieses Antrages willigen Sie in unsere Datenschutzerklärung ein. Siehe: With reverting the filled application you agree to our data protection policy. See: germany.controlunion.com/datenschutz
C130: Control Union Certifications Germany GmbH • Bornitzstr. 73-75 • D-10365 Berlin Tel.: +49 (0)30 50 96 988-0 • Fax.: +49 (0)30 50 96 988-88 E-Mail: cucg.service@controlunion.com • Internet: germany.controlunion.com
D132: 10.10.2025, Version 3

Sheet Text
A1: Auswahl | B1: Deutsch | C1: English | D1: Russian | E1: Polish | F1: Dutch | G1: Espanol | H1: 한국어 | I1: Italian | J1: French | K1: Romanian | L1: Portuguese | M1: Hungarian | N1: Sprachwahlliste | O1: 2 | P1: Standard | Q1: 3
A2: =CHOOSE($O$1,B2,C2,D2,E2,F2,G2,H2,I2,J2,K2,L2,M2) -> APPLICATION FORM | B2: ANTRAGSFORMULAR | C2: APPLICATION FORM | D2: Бланк заявления | E2: FORMULARZ WNIOSKU | F2: AANMELDINGSFORMULIER | G2: FORMULARIO DE SOLICITUD | H2: 신청서 | I2: MODULO DI RICHIESTA | J2: DOCUMENT D'IDENTIFICATION | K2: Formular cerere | L2: Formulário de Solicitação | M2: JELENTKEZÉSI LAP | N2: Deutsch | P2: ISCC
A3: =CHOOSE($O$1,B3,C3,D3,E3,F3,G3,H3,I3,J3,K3,L3,M3) -> for inspection and certification for | B3: zur Inspektion und Zertifizierung zum | C3: for inspection and certification for | D3: по инспекции и сертификации для | E3: dotyczący przeprowadzenia kontroli i certyfikacji | F3: Inspectie en certificering voor | G3: para la inspección y certificación | H3: 심사 및 인증 프로그램: | I3: per l'ispezione e la certificazione per | J3: pour l'audit et la certification | K3: pentru inspecția și certificarea pentru | L3: para inspeção e certificação | M3: Ellenőrzéshez és tanúsításhoz | N3: English | P3: ISCC-EU
A4: =CHOOSE($O$1,B4,C4,D4,E4,F4,G4,H4,I4,J4,K4,L4,M4) -> approving sustainability according "Renewable Energy Directive" of European Commission (2018/2001) | B4: Nachweis der Nachhaltigkeit nach der "Erneuerbaren Energien Richtlinie" der Europäischen Kommission 2018/2001 | C4: approving sustainability according "Renewable Energy Directive" of European Commission (2018/2001) | D4: подтверждения статуса устойчивости в соответствии с «Директивой по Возобновляемой энергетике" Европейской комиссии № 28/2009/ЕС | E4: potwierdzający zrównoważone pochodzenie zgodnie z "Dyrektywą o Energii Odnawialnej" Komisji Europejskiej (28/2009/EC) | F4: goedkeuring van duurzaamheid volgens "Richtlijn Hernieuwbare Energie" van de Europese Commissie (28/2009 / EG) | G4: sustentabilidad aprobada de acuerdo a " Directiva de Energías Renovables" de la Comisión Europea (28/2009/EC) | H4: 유럽위원회의 "재생 에너지 법령" (28/2009/EC) 및/또는 자발적인 ISCC-Plus 인증에 따른 지속가능 에너지의 인증 | I4: approvazione della sostenibilità secondo la direttiva della Commissione Europea (28/2009/EC) "Direttiva sulle Energie Rinnovabili" | J4: approuvant la durabilité selon la “Directive Energies Renouvelables » de la Commission Européenne (28/2009/EC) | K4: Aproband sustenbilitatea in conformitate cu "Directiva de Energie Regenerabila"(28/2009/EC) a Comisiei Europene | L4: aprovando a sustentabilidade de acordo com a "Renewable Energy Directive" da Comissão Europeia (28/2009/EC) | M4: Fenntarthatóság jóváhagyása az Európai Bizottság "Megújuló Energia irányelve" (28/2009/EC) | N4: Russian | P4: REDcert-EU
A5: =CHOOSE($O$1,B5,C5,D5,E5,F5,G5,H5,I5,J5,K5,L5,M5) -> With this form you can request a tentative offer. | B5: Mit diesem Formular können Sie ein unverbindliches Angebot anfragen. | C5: With this form you can request a tentative offer. | D5: С помощью этой формы вы можете запросить предварительное предложение на сертификацию. | E5: Dzięki niniejszemu formularzowi istnieje możliwość pozyskania niezobowiązującej oferty | F5: Door middel van dit formulier kunt u een geheel vrijblijvende offerte ontvangen | G5: Complete el formulario y le enviaremos una oferta de servicios de certificación personalizada. | H5: 본 신청서를 작성하여 보내 주시면 제안서를 보내 드리겠습니다. | I5: Con questo modulo può essere richiesto un preventivo. | J5: Ce document permet de demander une offre de certification. | K5: Cu acest formular puteți obține o offertă fără obligați | L5: Com este formulário você pode requerer uma proposta. | M5: A jelentkezési lap kitöltésével kérhet ajánlatot. | N5: Polish
A6: =CHOOSE($O$1,B6,C6,D6,E6,F6,G6,H6,I6,J6,K6,L6,M6) -> 0 | N6: Dutch
A7: =CHOOSE($O$1,B7,C7,D7,E7,F7,G7,H7,I7,J7,K7,L7,M7) -> name and legal form of the applying company | B7: Name und Rechtsform des antragstellenden Unternehmens | C7: name and legal form of the applying company | D7: НАЗВАНИЕ и ПРАВОВАЯ ФОРМА предприятия, которое подает заявку | E7: Nazwa i forma prawna przedsiębiorstwa składającego wniosek | F7: Bedrijfsnaam | G7: nombre y razon social de la organisacion solicitante | H7: 신청업체의 상호 및 법적 현황 | I7: nome e froma societaria dellàzienda richiedente | J7: non et forme juridique de l'entreprise | K7: Numele și statutul juridic firmei | L7: NOME E RAZÃO SOCIAL DA EMPRESA SOLICITANTE | M7: VÁLLALKOZÁS NEVE ÉS JOGI FORMÁJA | N7: Espanol
A8: =CHOOSE($O$1,B8,C8,D8,E8,F8,G8,H8,I8,J8,K8,L8,M8) -> (Please enter the complete company name) | B8: (Bitte den vollständigen Namen des Unternehmens eintragen) | C8: (Please enter the complete company name) | D8: (пожалуйста, внесите полное название предприятия) | E8: (należy wpisać pełną nazwę przedsiębiorstwa) | F8: (AUB Vermeld de gehele bedrijfsnaam) | G8: (Por favor indique el nombre completo de la organización) | H8: 회사의 공식적인 국문 및 영문 이름을 써 주십시오. 예를 들어 Ltd., Inc, 포함. | I8: (Per favore inserire il nome completo dell'azienda) | J8: (Merci d'écrire le nom complet de l'entreprise) | K8: (Vă rugăm scrieți numele complet al firmei) | L8: (Por favor informe o nome completo da empresa) | M8: (a vállalkozás teljes nevét tüntesse fel) | N8: 한국의
A9: =CHOOSE($O$1,B9,C9,D9,E9,F9,G9,H9,I9,J9,K9,L9,M9) -> company address | B9: Adresse des Unternehmens | C9: company address | D9: АДРЕС предприятия | E9: ADRES przedsiębiorstwa | F9: ADRES VAN HET BEDRIJF | G9: DIRECCIÓN | H9: 회사 주소 | I9: INDIRIZZO DELL'AZIENDA | J9: ADRESSE de l'entreprise | K9: Adresa firmei | L9: ENDEREÇO DA EMPRESA | M9: VÁLLALKOZÁS SZÉKHELYE | N9: Italian
A10: =CHOOSE($O$1,B10,C10,D10,E10,F10,G10,H10,I10,J10,K10,L10,M10) -> (Street, postcode, city, state, post office box) | B10: (Straße, Postleitzahl, Stadt, Land, Postfach) | C10: (Street, postcode, city, state, post office box) | D10: (улица, почтовый индекс, город, страна, почтовый ящик) | E10: (ulica, kod pocztowy, miasto, kraj, skrytka pocztowa) | F10: (Straat, postcode, stad, postbusnr.) | G10: (Calle, Codigo postal, Ciudad, Provincia, Apartado de correos) | H10: 도, 군, 시, 면, 읍, 리, 길, 산, 우편번호 등 | I10: (Via, codice postale, città, stato, casella postale) | J10: (N°, rue, code postal, ville, boîte postale) | K10: (Strada, Cod poștal, Oraș, Țara, Numărul cutiei la poșta) | L10: (Rua, CEP, cidade, Estado, Caixa Postal) | M10: (irányítószám, város, utca, házszám, postafiók) | N10: French
A11: =CHOOSE($O$1,B11,C11,D11,E11,F11,G11,H11,I11,J11,K11,L11,M11) -> legal representative of the company | B11: Rechtsvertreter des Unternehmens | C11: legal representative of the company | D11: ПРАВОВОЙ ПРЕДСТАВИТЕЛЬ предприятия | E11: przedstawiciel prawny przedsiębiorstwa | F11: JURIDISCH VERANTWOORDELIJKE BINNEN HET BEDRIJF | G11: REPRESENTANTE LEGAL DE LA ORGANIZACIÓN | H11: 회사 대표 | I11: RAPPRESENTANTE LEGALE DELL'AZIENDA | J11: REPRESENTANT LEGAL de l'entreprise | K11: REPRESENTANTUL JURIDIC al firmei | L11: REPRESENTANTE LEGAL DA EMPRESA | M11: A VÁLLALKOZÁS KÉPVISELŐJE | N11: Romanian
A12: =CHOOSE($O$1,B12,C12,D12,E12,F12,G12,H12,I12,J12,K12,L12,M12) -> (Name and function) | B12: (Name und Funktion) | C12: (Name and function) | D12: (имя и должность) | E12: (personalia i funkcja) | F12: (Naam en functietitel) | G12: (Nombre y cargo) | H12: 이름 및 직책 | I12: (Nome e Funzione) | J12: (Nom et fonction) | K12: (Numele și Statutul persoanei) | L12: (Nome e função) | M12: (neve és beosztása) | N12: Portuguese
A13: =CHOOSE($O$1,B13,C13,D13,E13,F13,G13,H13,I13,J13,K13,L13,M13) -> contact person in the company | B13: Kontaktperson innerhalb des Unternehmens | C13: contact person in the company | D13: КОНТАКТНОЕ ЛИЦО на предприятии | E13: OSOBA DO KONTAKTÓW w przedsiębiorstwie | F13: CONTACTPERSOON IN HET BEDRIJF | G13: PERSONA DE CONTACTO EN LA ORGANIZACIÓN | H13: 인증 담당자(연락 담당자) | I13: PERSONA DI CONTATTO NELL'AZIENDA | J13: Personne désignée contact principal | K13: PERSOANA DE CONTACT la firma | L13: PESSOA DE CONTATO NA EMPRESA | M13: KAPCSOLATTARTÓ | N13: Hungarian
A14: =CHOOSE($O$1,B14,C14,D14,E14,F14,G14,H14,I14,J14,K14,L14,M14) -> (Please specify where not identical with the legal representative) | B14: (Bitte ausfüllen, wenn nicht mit dem Rechtsvertreter identisch) | C14: (Please specify where not identical with the legal representative) | D14: (пожалуйста, заполните, если не идентичный с правовым представителем) | E14: (należy wypełnić, jeżeli jest to inna osoba aniżeli osoba przedstawiciela prawnego) | F14: (In geval van verschillend met de juridisch verantwoordelijke) | G14: (Por favor, especifique siempre que no coincidan el representante legal y de la empresa) | H14: 담당자가 대표자와 다를 경우에 작성해 주십시오 | I14: (Per favore specificare nel caso non sia lo stesso Rappresentante Legale) | J14: (Merci de préciser au cas où le contact serait différent du représentant légal) | K14: (Vă rugăm completați în caz că nu este la fel ca Representantul juridic) | L14: (Por favor especifique quando não for idêntico ao representante legal) | M14: (ha más mint a képviselő)
A15: =CHOOSE($O$1,B15,C15,D15,E15,F15,G15,H15,I15,J15,K15,L15,M15) -> Phone / Fax | B15: Telefon / Fax | C15: Phone / Fax | D15: Телефон/факс | E15: Telefon / Faks | F15: Telefoon / Fax nummer | G15: Tlfn / Fax | H15: 전화번호 / 팩스 | I15: Telefono / Fax | J15: Téléphone/Fax | K15: Număr de telefon și fax | L15: Telefone / Fax | M15: Telefon/Fax
A16: =CHOOSE($O$1,B16,C16,D16,E16,F16,G16,H16,I16,J16,K16,L16,M16) -> E-mail (and / or website) | B16: E-mail (und / oder Webseite) | C16: E-mail (and / or website) | D16: e-mail: | E16: e-mail (i/ lub strona internetowa) | F16: E-mail (en / of website) | G16: E-mail (y/o website) | H16: 전자메일 및 홈페이지 | I16: E-mail (e /o sito web) | J16: E-mail (et site internet) | K16: Adresa E-Mail (și/ sau pagina internet) | L16: E-mail (e/ou website) | M16: E-mail (és/vagy weblap)
A17: =CHOOSE($O$1,B17,C17,D17,E17,F17,G17,H17,I17,J17,K17,L17,M17) -> VAT-Nr. | B17: UmSt-Nr.: | C17: VAT-Nr. | D17: Налоговый номер | E17: NIP / VAT-UE: | F17: BTW-Nr. | G17: CIF/NIF. | H17: 사업자등록번호 | I17: Partita IVA | J17: N° TVA | K17: TVA | L17: CNPJ | M17: Adószám
A18: =CHOOSE($O$1,B18,C18,D18,E18,F18,G18,H18,I18,J18,K18,L18,M18) -> details of application | B18: Antragdetails | C18: details of application | D18: Детали заявления | E18: Szczegóły wniosku | F18: Details van de aanmelding | G18: detalles del formulario | H18: 신청 내용 | I18: dettagli della richiesta | J18: Détails de la demande | K18: DETALII CEREREI | L18: detalhes da solicitação | M18: Jelentkezés adatai
A19: =CHOOSE($O$1,B19,C19,D19,E19,F19,G19,H19,I19,J19,K19,L19,M19) -> - please tick where applicable - | B19: - Bitte Zutreffendes ankreuzen - | C19: - please tick where applicable - | D19: - Пожалуйста, нужное отметьте крестиком - | E19: - właściwe informacje należy zaznaczyć krzyżykiem- | F19: - selecteer de gewenste opties, meerdere opties zijn mogelijk - | G19: - please tick where applicable - | H19: 해당되는 항목을 선택해 주십시오 | I19: - per favore segnare dove pertinente - | J19: merci de cocher | K19: (Vă rugăm bifați ce convine) | L19: por favor selecione onde aplicável: | M19: Kérjük, a vonatkozó részt jelölje.
A20: =CHOOSE($O$1,B20,C20,D20,E20,F20,G20,H20,I20,J20,K20,L20,M20) -> This application is: | B20: Der Antrag ist: | C20: This application is: | D20: Заявление является: | E20: Wniosek jest: | F20: Deze aanmelding is: | G20: Este cuestionario es: | H20: 신청 종류 | I20: Questa richiesta è una: | J20: Cette demande est : | K20: Aceasta cerere este: | L20: Esta solicitação é uma: | M20: A jelentkezés típusa
A21: =CHOOSE($O$1,B21,C21,D21,E21,F21,G21,H21,I21,J21,K21,L21,M21) -> no, this is initial application for SURE | B21: nein, dies ist ein Erstantrag für SURE | C21: no, this is initial application for SURE | D21: нет, Первым заявлением для SURE | E21: nie, to pierwszym wnioskiem dla SURE | F21: Nee, een eerste aanmelding voor SURE | G21: solicitud inicial | H21: 신규 신청 | I21: no, si tratta della prima richiesta per SURE | J21: Demande initiale pour SURE | K21: nu, aceasta este formularul initial pentru SURE | L21: não, esta é uma solicitação inicial para SURE | M21: Nem, ez egy első SURE jelentkezés
A22: =CHOOSE($O$1,B22,C22,D22,E22,F22,G22,H22,I22,J22,K22,L22,M22) -> supplementary application /application for change (if you are already client of CU) | B22: Ergänzungsantrag / Änderungsantrag (wenn Sie bereits Kunde der CU sind) | C22: supplementary application /application for change (if you are already client of CU) | D22: Дополнительным заявлением/ заявлением с внесением изменений (если Вы уже клиент CU) | E22: wniosek uzupełniający/zgłoszenie zmian(jeśli już są Państwo klientami CU) | F22: Een aanmelding voor verandering of aanvulling van het contract (indien al een klant van CU) | G22: solicitud suplementaria /solicitud de cambios (si ya se es cliente de CU) | H22: 추가 신청 / 변경 신청 (이미 CU 고객일 경우) | I22: richiesta aggiuntiva / richiesta di modifica (se si è già un cliente CU) | J22: Demande supplémentaire / demande de mise à jour (si vous êtes déjà client Control Union) | K22: Cerere de complementare / de schimbare (în caz că sunteți deja un client al grupului CU) | L22: solicitação adicional / solicitação para mudança (se você já é um cliente da CU) | M22: kiegészítő jelentkezés/változások regisztrálása (ha már a CU regisztrált ügyfele)
A23: =CHOOSE($O$1,B23,C23,D23,E23,F23,G23,H23,I23,J23,K23,L23,M23) -> This application is regarding the certification according: | B23: Der Antrag wird gestellt für die Zertifizierung nach: | C23: This application is regarding the certification according: | D23: Заявление подается на сертификацию согласно: | E23: Wniosek składa się celem certyfikacji wg: | F23: Deze aanmelding betreft: | G23: Esta solicitud es para la certificación de acuerdo a: | H23: 본 신청서는 다음의 인증 프로그램을 포함합니다. | I23: Questa applicazione riguarda la certificazione in accordo a: | J23: Cette demande de certification concerne : | K23: Cererea este submisă pentru certificare după | L23: Esta solicitação refere-se à certificação de acordo com: | M23: A következők szerint kéri a tanúsítást:
A24: =CHOOSE($O$1,B24,C24,D24,E24,F24,G24,H24,I24,J24,K24,L24,M24) -> EU - accepted scheme | B24: EU - Anerkanntes System | C24: EU - accepted scheme | D24: система принята (распространяется) в Европейском Союзе | E24: EU-moduł europejski | F24: EU - erkend schema | G24: EU - Programa aceptado | H24: EU - 유럽 프로그램 | I24: Schema accettato EU | J24: EU- reconnu par UE | K24: EU - System recunoscut | L24: EU - Esquema aceito | M24: EU szabvány szerint
A25: =CHOOSE($O$1,B25,C25,D25,E25,F25,G25,H25,I25,J25,K25,L25,M25) -> voluntary scheme | B25: freiwilliges System | C25: voluntary scheme | D25: добровольная схема | E25: system dobrowolny | F25: Vrijwillig schema | G25: esquema voluntario | H25: 자발적 프로그램 | I25: schema volontario | J25: schéma volontaire | K25: Schema voluntara | L25: Esquema voluntário | M25: önkéntes szabvány szerint
A26: =CHOOSE($O$1,B26,C26,D26,E26,F26,G26,H26,I26,J26,K26,L26,M26) -> Specifics of audit process: | B26: Besonderheiten des Auditprozess`: | C26: Specifics of audit process: | D26: Особенности процесса: | E26: Specyfikacja procesu: | F26: Processpecificaties | G26: Específicos del proceso | H26: 프로세스의 공정 세부 사항 | I26: Specifiche di processo: | J26: Spécificités du process: | K26: Specificatii ale procesului: nu, conform Anexei V a RED vor fi aplicate valorile implicite | L26: Especificação do processo de auditoria: | M26: Az auditálási folyamat ismertetése:
A27: =CHOOSE($O$1,B27,C27,D27,E27,F27,G27,H27,I27,J27,K27,L27,M27) -> no | B27: nein | C27: no | F27: nee, default values van de RED Annex V woorden gebruikt | H27: RED 부록 V의 기본 값을 적용합니다. | I27: no, verranno applicati i valori di default secondo l'allegato V di RED | J27: Non, valeurs par défaut de directive RED annexe V utilisées | L27: não, serão aplicados valores padrão de acordo com o Anexo V da RED | M27: nem, a RED V. Melléklet szerinti alapértékek lesznek alkalmazva
A28: =CHOOSE($O$1,B28,C28,D28,E28,F28,G28,H28,I28,J28,K28,L28,M28) -> the certification covers individual GreenHouse Gas calculation | B28: die Zertifizierung deckt individuelle TreibHausGasberechnungen | C28: the certification covers individual GreenHouse Gas calculation | D28: Сертификация охватывает проверку расчет выбросов парниковых газов | E28: certyfikacja obejmuje indywidualne obliczenia gazów cieplarnianych | F28: De certificering is inclusief individuale greenhouse gas calculatie | G28: la certificación cubre cálculos GEI individuales | H28: 인증은 개별 온실가스계산을 포함합니다. | I28: la certificazione include il calcolo di emissioni di Green House Gas | J28: La certification couvre le calcul individuel de Gaz Effet de Serre | K28: Certificarea acopera calculatia Emisiilor Gazelor cu efect de Sera | L28: a certificação cobre cálculo individual de emissão de Gás de Efeito Estufa (GHG) | M28: A tanúsítás lefedi az üvegházhatású gázok (GHG) egyedi kalkulációját
A29: =CHOOSE($O$1,B29,C29,D29,E29,F29,G29,H29,I29,J29,K29,L29,M29) -> for this (one) interface or | B29: für diese (eine) Schnittstelle oder | C29: for this (one) interface or | D29: для этого (одного) производственного объекта или | E29: dla tej (jednej) jednostki łącznikowej lub | F29: Voor deze (een) interface of voor meerdere interfaces | G29: para ésta (una) interface | H29: 이 하나의 인터페이스를 위해서 | I29: per questa (una) unità | J29: pour ce site ou | K29: Pentru o singura interfata sau | L29: para esta (uma)interface ou | M29: ezen az (egy) helyszínen/telepen vagy
A30: =CHOOSE($O$1,B30,C30,D30,E30,F30,G30,H30,I30,J30,K30,L30,M30) -> across several interfaces | B30: Schnittstellenübergreifend | C30: across several interfaces | D30: для нескольких производственных объектов | E30: dla kilku jednostek łącznikowych | F30: enkel voor deze interface, of | G30: a travez de varias interfaces | H30: 여러 개의 인터페이스에 대해서 | I30: per diverse unità | J30: ces sites | K30: pentru mai multe interfete | L30: em várias interfaces | M30: számos helyszínen/telepen
A31: =CHOOSE($O$1,B31,C31,D31,E31,F31,G31,H31,I31,J31,K31,L31,M31) -> yes, for following goods and processes: | B31: ja, für folgende Produkte und Prozesse: | C31: yes, for following goods and processes: | D31: для следующих товаров: | E31: dla następujących produktów/towarów | F31: ja, voor de volgende producten: | G31: para los siguientes bienes | H31: 다음 제품들을 위해서 | I31: si, per i seguenti prodotti | J31: oui, pour les produits suivants | K31: da, pentru urmatoarele produse: | L31: sim, para os seguintes produtos: | M31: igen, a következő termékekhez:
A32: =CHOOSE($O$1,B32,C32,D32,E32,F32,G32,H32,I32,J32,K32,L32,M32) -> the GHG calculation is basing on data of third parties (e.g. farms) | B32: die THG-Berechnungen beinhalten Daten dritter Unternehmen (z.B. Landwirte) | C32: the GHG calculation is basing on data of third parties (e.g. farms) | D32: Расчет выбросов парниковых газов основывается на информации от третих сторон (например фермерские хозяйства) | E32: obliczanie emisji gazów cieplarnianych opiera się na danych strony trzeciej (n.p. gospodarstw rolnych) | F32: De GHG calculatie is gebaseerd op data van derde partijen (bijv. Farms) | G32: los cálculos de GEI se basan en datos de un tercero (por ejemplo granjas | H32: 3자(예: 농장)의 자료를 기반으로 한 온실가스 계산 | I32: il calcolo dei GHG è basato su dati di terzi (es. aziende agricole) | J32: Le calcul GES est basée sur des données de tierce parties (ex : exploitations agricoles) | K32: Calculatia Gazelor cu Efect de Sera se bazeaza pe informatiile primite de la terti(ex. Ferme) | L32: o cálculo GHG é baseado em dados de terceiros (ex: fazendas) | M32: A GHG kalkulációt 3. fél adatai alapján készítették el (pl: gazdaságok)
A33: =CHOOSE($O$1,B33,C33,D33,E33,F33,G33,H33,I33,J33,K33,L33,M33) -> Procedure optimisation | B33: Verfahrensoptimierung | C33: Procedure optimisation | D33: Оптимизация процедуры сертификации | E33: Optymalizacja procesu | F33: Optimalisatie van de procedures | G33: Procedimiento de mejora | H33: 예비 심사 | I33: Ottimizzazione delle procedure | J33: Procédure facultative | K33: Optimarea proceselor | L33: Otimização do procedimento | M33: A folyamat részletezése:
A34: =CHOOSE($O$1,B34,C34,D34,E34,F34,G34,H34,I34,J34,K34,L34,M34) -> You would like to have a pre-assessment audit. | B34: Sie wünschen ein Voraudit. | C34: You would like to have a pre-assessment audit. | D34: Вы хотели бы провести предварительный аудит | E34: życzę sobie audyt wstępny | F34: Ik wens graag een pre-audit | G34: la organización desea aoptar por la auditoria preliminar. | H34: 예비 심사를 받고 싶습니다. | I34: Interessato a riceverere un audit di pre-valutazione. | J34: Vous voulez un audit à blanc (diagnostic préliminaire) | K34: Dumneavoastră doriți un audit înainte certificarei | L34: Você gostaria de ter uma pré-auditoria. | M34: Kér előzetes helyszíni szemlét.
A35: =CHOOSE($O$1,B35,C35,D35,E35,F35,G35,H35,I35,J35,K35,L35,M35) -> The application for certification is filed regarding: | B35: Der Antrag auf die Zertifizierung wird gestellt für: | C35: The application for certification is filed regarding: | D35: Заявление на сертификацию подается для: | E35: Wniosek o certyfikację jest składany dla: | F35: Deze aanmelding voor certificering is voor het volgende van toepassing: | G35: Se ha compluminetado la solicitud como: | H35: 작업 분야 (활동들) | I35: La richiesta di certificazione è presentata per : | J35: Votre demande de certification concerne : | K35: Cererea de certificare este pusă pentru: | L35: A solicitação de certificação está preenchida de acordo com: | M35: A tanúsítást az alábbiakra kéri:
A36: =CHOOSE($O$1,B36,C36,D36,E36,F36,G36,H36,I36,J36,K36,L36,M36) -> grower (agricukture/forestry) | B36: Erzeuger (Land-/Forstwirtschaft) | C36: grower (agricukture/forestry)
A37: =CHOOSE($O$1,B37,C37,D37,E37,F37,G37,H37,I37,J37,K37,L37,M37) -> First Gathering Point (agriculture/forestry) | B37: Ersterfasser (Land-/Forstwirtschaft) | C37: First Gathering Point (agriculture/forestry) | D37: Первая точка сбора (сельское хозяйство) | E37: Nabywca pierwotny (rolnictwo) | F37: Inzamelaar (Agrarische producten) | G37: Primer punto de colección (agricultura) | H37: First Gathering Point (agriculture) | I37: Primo Punto di Raccolta dii stock (agricoltura) | J37: Collecte (agricole) | K37: Primul punct de adunare (agricultură) | L37: Primeiro Ponto de Recolhimento (agricultura) | M37: Első begyűjtési pont (mezőgazdaság)
A38: =CHOOSE($O$1,B38,C38,D38,E38,F38,G38,H38,I38,J38,K38,L38,M38) -> Collecting Point (waste/residues) | B38: Sammler (Reststoffe/Abfälle) | C38: Collecting Point (waste/residues) | D38: Первая точка сбора (отходов / остатков) | E38: Nabywca pierwotny (odpady/pozostałości) | F38: Inzamelaar (Rest- en afvalstoffen) | G38: Primer punto de colección (restos/residuos) | H38: First Gathering Point (waste/residues) | I38: Punto di Stoccaggio (rifiuti/residui) | J38: Collecte (déchets/résidus) | K38: Punct de colectare (deseuri/reziduuri) | L38: Primeiro Ponto de Recolhimento (restos/resíduos) | M38: begyűjtési pont (hulladék/maradványok)
A39: =CHOOSE($O$1,B39,C39,D39,E39,F39,G39,H39,I39,J39,K39,L39,M39) -> Storage company | B39: Lagerunternehmen | C39: Storage company | D39: Компания по складированию | E39: Przedsiębiorstwo magazynujące (biomasa stała) | F39: Opslaglocatie | G39: Organización/unidad de almacenaje (biomass solida) | H39: Storage company (solid biomass) | I39: Azienda di stoccaggio | J39: Stockage | K39: Firma de depozitare | L39: Empresa de armazenagem | M39: Tárolást végző cég
A40: =CHOOSE($O$1,B40,C40,D40,E40,F40,G40,H40,I40,J40,K40,L40,M40) -> Processing company | B40: Verarbeitungsunternehmen | C40: Processing company | D40: Компания переработчик (маслобойня, сушилка и.т.д.) | E40: Jednostka przetwarzająca | F40: Conversie | G40: Organización/unidad de procesamiento | H40: Processing company | I40: Azienda di trasformazione | J40: Transformation | K40: Firmă de prelucrare | L40: Empresa de processamento | M40: Feldolgozó cég
A41: =CHOOSE($O$1,B41,C41,D41,E41,F41,G41,H41,I41,J41,K41,L41,M41) -> conversion units (electricity / heat generation) | B41: Konversionsanlagen (Strom-/Wärmeerzeugeung) | C41: conversion units (electricity / heat generation)
A42: =CHOOSE($O$1,B42,C42,D42,E42,F42,G42,H42,I42,J42,K42,L42,M42) -> Trader | B42: Händler | C42: Trader | D42: Трейдер | E42: Handel | F42: Handelaar | G42: Trader | H42: Trader | I42: Trader | J42: Trade (ou autre) | K42: Comerciant | L42: Trader | M42: Kereskedő
A43: =CHOOSE($O$1,B43,C43,D43,E43,F43,G43,H43,I43,J43,K43,L43,M43) -> free text | B43: Freitext | C43: free text | D43: свободный текст | E43: dowolny tekst | F43: aanvullende tekst | G43: texto libre | H43: 기타 (그밖의 신청) | I43: testo libero | J43: Point d'origine : | K43: Text liber | L43: texto livre | M43: Szabad szöveg:
A44: =CHOOSE($O$1,B44,C44,D44,E44,F44,G44,H44,I44,J44,K44,L44,M44) -> company structure | B44: Betriebsstruktur | C44: company structure | D44: структура компании | E44: struktura organizacyjna firmy | F44: bedrijfsstructuur | G44: estructura de la empresa | H44: 업체 구조 | I44: struttura dell'azienda | J44: structure de l’entreprise | K44: Structura companiei | L44: Estrutura da empresa | M44: Vállalkozás felépítése
A45: =CHOOSE($O$1,B45,C45,D45,E45,F45,G45,H45,I45,J45,K45,L45,M45) -> number of locations: | B45: Anzahl Standorte: | C45: number of locations: | D45: количество локаций | E45: Liczba lokalizacji | F45: Aantal vestigingen: | G45: numero de sedes: | H45: 공장 숫자 | I45: numero di siti: | J45: nombre de sites | K45: Număr locații | L45: Número de locais | M45: helyszínek száma:
A46: =CHOOSE($O$1,B46,C46,D46,E46,F46,G46,H46,I46,J46,K46,L46,M46) -> Description of the company | B46: Unternehmensbeschreibung | C46: Description of the company | D46: Описание предприятия | E46: Opis przedsiębiorstwa | F46: Beschrijving van het bedrijf | G46: Descripción de la organización | H46: 회사 소개 | I46: Descrizione dell'azienda | J46: Description de l'entreprise | K46: Descrierea firmei | L46: Descrição da empresa | M46: A vállalkozás ismertetése
A47: =CHOOSE($O$1,B47,C47,D47,E47,F47,G47,H47,I47,J47,K47,L47,M47) -> All activities are directly executed by the applying company. | B47: Alle Tätigkeiten werden direkt durch das Antrag stellende Unternehmen ausgeführt. | C47: All activities are directly executed by the applying company. | D47: Все действия выполняются непосредственно компанией, подающей заявку на сертификацию. | E47: Wszystkie działania sa wykonywanę przez aplikujące przedsiębiorstwo we własnym zakresie | F47: Alle activiteiten worden door het inschrijvende bedrijf uitgevoerd | G47: Todas las actividades son directamente desarolladas por la organización solicitante. | H47: 모든 활동들은 직접 신청업체에서 이루어집니다. | I47: tutte le attività sono eseguite direttamente dall'azienda richiedente. | J47: Toutes les activités sont réalisées par l'entreprise. | K47: Toate activități sunt efectuate direct prin firma care pune cererea | L47: Todas as atividades são executadas diretamente pela empresa solicitante. | M47: Minden tevékenységet a jelentkező vállalkozás végez.
A48: =CHOOSE($O$1,B48,C48,D48,E48,F48,G48,H48,I48,J48,K48,L48,M48) -> Parts of the above mentioned activities are done by different legal entities of same company. | B48: Bereiche der oben genannten Tätigkeit werden durch rechtlich andere Betriebseinheiten ausgeführt | C48: Parts of the above mentioned activities are done by different legal entities of same company. | D48: Часть указанных выше операций производится различными юридическими лицами входящих в группу одной компании. | E48: Część wymienionych działań jest wykonywana przez inne podmioty prawne należące do tej samej firmy | F48: Onderdelen van bovenstaande activiteiten worden door verschillende juridische entiteiten van hetzelfde bedrijf uitgevoerd | G48: Partes de las actividades anteriormente mencionadas son realizadas por diferentes entidades legales pertenecientes a una misma organización. | H48: 위에 나온 활동들 중에 일부가 신청업체의 다른 법적 형태에서 이루어집니다. | I48: Parti delle attività sopra menzionate sono eseguite da entità legali differenti della stessa azienda. | J48: Certaines activités sont partiellement ou en totalité réalisées par des entités légales différentes issues du même groupe. | K48: O parte ale activității menționate mai sus sunt efectuate prin alte unități acelei firmei | L48: Partes das atividades acima mencionadas são feitas por diferentes entidades legais da mesma empresa. | M48: A fenti tevékenységek egy részét az adott vállalkozáson belül más jogalany(ok)/gazdasági szereplők végzik.
A49: =CHOOSE($O$1,B49,C49,D49,E49,F49,G49,H49,I49,J49,K49,L49,M49) -> Please describe how the other legal entities are involved (e.g. if your company is part of a holding and technic or manpower is internally provided as service) | B49: Bitte beschreiben Sie die Einbindung der anderen Betriebseinheiten (zB wenn Sie in eine Holding eingebunden sind und Personal oder Technik intern als Dienstleistung erfolgt) | C49: Please describe how the other legal entities are involved (e.g. if your company is part of a holding and technic or manpower is internally provided as service) | D49: Пожалуйста, опишите, как другие юридические лица вовлечены в процесс (например, если ваша компания является частью холдинга и техника и/или рабочая сила предоставляется как услуга внутри компании) | E49: Proszę opisać sposób zaangażowania innych podmiotów prawnych ( np. jeżeli część Państwa przedsiębiorstwa należy do holdingu, techniczna oraz siła robocza są wykonywane jako usługi wewnętrzne) | F49: Omschrijf hoe de verdeling is van de activiteiten tussen de verschillende entiteiten (bv. Uw bedrijf is onderdeel van een holding en mankracht wordt als interne service ingezet) | G49: Por favor describa la función de las otras partes interesadas (Ejemplo. Si la organización forma parte de un holding y se facilita tecnica y mano de obra como servicio internamente) | H49: 법적 형태를 설명해 주십시오. 예: 신청업체어서 본사에 속하고 기술과 인원은 본사에서 제공합니다. | I49: Prego descrivere come le altri entità legali sono coinvolte (es.se la sua azienda è parte di un gruppo ed il personale tecnico e la forza lavoro sono forniti internamente dal gruppo come servizio) | J49: Merci de décrire comment ces autres entités légales sont impliquées (par exemple si une filiale du groupe gère les ressources humaines ou techniques pour le compte de l'entreprise à certifier) | K49: Vă rugăm descrieți împlicarea altelor unități (de exemplu daca faceți parte dintr-o holding și se folosește personalul sau tehnica ca și o prestare de servicii) | L49: Por favor descreva como as outras entidades legais estão envolvidas (ex.: se sua empresa é parte de uma holding e a técnica ou mão de obra é provida internamente como serviço) | M49: Kérjük ismertesse a termelésbe kapcsolódó más jogalany(ok)/gazdasági szereplők szerepét (pl. a vállalkozása egy holding része és munkaerőt vagy műszaki megoldást belsőleg szolgáltatásként biztosítottak).
A50: =CHOOSE($O$1,B50,C50,D50,E50,F50,G50,H50,I50,J50,K50,L50,M50) -> Parts of the above mentioned activities are conducted by third parties. | B50: Bereiche der oben genannten Tätigkeit werden durch betriebsfremde Unterauftragnehmer ausgeführt | C50: Parts of the above mentioned activities are conducted by third parties. | D50: Часть указанной выше дейятельности осуществляется третьими компаниями. | E50: Część wymienionych działań jest wykonywana przez podwykonawców | F50: Onderdelen van bovenstaande activiteiten worden door derden uitgevoerd | G50: Partes de las actividades anteriormente mencionadas que son realizadas por terceras partes. | H50: 위에 나온 활동들 중에 일부가 제3자에서 이루어집니다. | I50: Parti delle attività sopra menzionate sono eseguite da aziende terze. | J50: Certaines activités sont partiellement ou en totalité réalisées par des entreprises prestataires. | K50: O parte ale activității menționate mai sus sunt efectuate prin alte firme | L50: Partes das atividades acima mencionadas são conduzidas por terceiros. | M50: A fenti tevékenységek egy részét harmadik személy(ek) végzi(k).
A51: =CHOOSE($O$1,B51,C51,D51,E51,F51,G51,H51,I51,J51,K51,L51,M51) -> Please describe how the subcontractors are involved / type of business / function. | B51: Bitte beschreiben Sie die Einbindung/Art/Funktion der Subunternehmer | C51: Please describe how the subcontractors are involved / type of business / function. | D51: Пожалуйста, опишите участие субподрядчиков / тип бизнеса / функции. | E51: Proszę opisać w jaki sposób podwykonawcy uczestniczą w Państwa działalności/rodzaj prowadzonej przez podwykonawców działalności/funkcje. | F51: Omschrijf op welke manier onderaannemers betrokken zijn (soort bedrijf, functie etc.) | G51: Por favor las funciones de las subcontratas / tipo de negocio / función. | H51: 하청 업체를 사용하실 경우에 하청 업체가 하는 활동, 역할 등을 설명해 주십시오. | I51: Prego descrivere come i sub-contractors sono coinvolti / tipo di azienda / funzione. | J51: Merci de décrire les activités sous-traitées | K51: Vă rugăm descrieți împlicarea altelor firme | L51: Por favor descreva como os subcontratados estão envolvidos / tipo de negócio / função. | M51: Kérjük ismertesse az alvállalkozók szerepét/tevékenységét/funkcióját.
A52: =CHOOSE($O$1,B52,C52,D52,E52,F52,G52,H52,I52,J52,K52,L52,M52) -> Company departments | B52: Unternehmenseinrichtungen | C52: Company departments | D52: Организация предприятия | E52: Placówki przedsiębiorstwa | F52: Bedrijfsvestigingen | G52: Departamentos de la organización | H52: 회사 관련 지사 | I52: Reparti aziendali | J52: Structure de l'entreprise | K52: Divisiunii firmei | L52: Departamentos da empresa | M52: A vállalkozás részlegei
A53: =CHOOSE($O$1,B53,C53,D53,E53,F53,G53,H53,I53,J53,K53,L53,M53) -> Please list here your company departments (e.g. collecting point, administration, processing and so on) | B53: Bitte Listen Sie hier die eigenen Unternehmenseinrichtungen auf (z.B. Sammellager, Verwaltung, Verarbeitung usw) | C53: Please list here your company departments (e.g. collecting point, administration, processing and so on) | D53: Пожалуйста, перечислите здесь подразделения компании (например, склад, адсминистрация, маслобойня и т. д.) | E53: Proszę opisać oddziały przedsiębiorstwa (np.. Punkty skupu, adminictracja, tłocznia oleju itp.) | F53: Beschrijf hier alle onderdelen van het bedrijf (bv. Inzamelpunt, opslag, conversie/verwerking, etc.) | G53: Por favor facilite una lista de los departamentos de la organización (Ejemplo. Punto de colección, administración, molino de aceite etc...) | H53: 회사의 작업이 이루어지는 지사의 위치들을 적어 주십시오 (예: collecting point, 행정부, oil mill, 등) | I53: Prego fare una lista dei reparti aziendali (es. punto di stoccaggio, amministrazione, produzione, ecc.) | J53: Merci de lister le nom et la localisation des services et activités de l'entreprise (sites de stockage, transformation, administratif...). Indiquer le chiffre d'affaires de la société | K53: Vă rugăm să faceți o listă cu departamentele firmei (ex. Punct de colectare, administratie, fabrica de ulei etc.) | L53: Por favor liste aqui os departamentos da empresa (ex.: ponto de coleta, administração, fábrica de óleo e etc.) | M53: Kérjük, tüntesse fel itt a vállalkozás részlegeit (pl: begyűjtési pont, adminisztráció, olaj üzem, stb).
A54: =CHOOSE($O$1,B54,C54,D54,E54,F54,G54,H54,I54,J54,K54,L54,M54) -> 0
A55: =CHOOSE($O$1,B55,C55,D55,E55,F55,G55,H55,I55,J55,K55,L55,M55) -> if applicable: please shortly describe the travel time between the locations | B55: Falls zutreffen: bitte beschreiben Sie kurz die Reisezeit zwischen den Standorten | C55: if applicable: please shortly describe the travel time between the locations | D55: если применимо: пожалуйста, вкратце опишите время в пути между локациями | E55: Proszę określić czas podróży pomiędzy oddziałami przedsiębiorstwa (jeśli dotyczy) | F55: Indien van toepassing: beschrijf de reistijd tussen de verschillende locaties | G55: En caso que sea aplicable, por favor describa brevemente el tiempo de desplazamiento necesario entre las diferentes sedes | H55: 해당이 되면 지사 간의 이동시간을 적어 주십시오. | I55: se applicabile: prego descrivere brevemente il tempo necessario di viaggio tra i diversi siti | J55: Si applicable : merci de mentionner les temps de trajet entre les sites | K55: Dacă este cazul: Vă rugăm să specificați timpul pentru calătoria între locații | L55: Se aplicável: por favor descreva brevemente o tempo de viagem entre as locações. | M55: Ha alkalmazható, ismertesse az egyes helyszínek közötti utazási időt.
A56: =CHOOSE($O$1,B56,C56,D56,E56,F56,G56,H56,I56,J56,K56,L56,M56) -> 0
A57: =CHOOSE($O$1,B57,C57,D57,E57,F57,G57,H57,I57,J57,K57,L57,M57) -> For agraricultural first gathering points: | B57: Für Ersterfasser: | C57: For agraricultural first gathering points: | D57: Для компаний по сбору (складированию) | E57: Przedsiębiorstwa prowadzące skup: | F57: Voor inzamelaars van agrarische producten: | G57: Para empresasa colectoras: | H57: 1차 수집장소 | I57: Per i primi punti di raccolta agricoli: | J57: Pour les entreprises qui collectent : | K57: Pentru punctele de colectare agricole: | L57: para primeiro ponto recolhimento agrícola: | M57: Mezőgazdasági első begyűjtési pontok részére:
A58: =CHOOSE($O$1,B58,C58,D58,E58,F58,G58,H58,I58,J58,K58,L58,M58) -> number of pre-supplier (agraric, forestal) | B58: Anzahl der Vorlieferanten (Agrar, Forst) | C58: number of pre-supplier (agraric, forestal) | D58: Количество первичных поставщиков (фермерских хозяйств) | E58: liczba dostawców (gospodarstw rolnych) | F58: Aantal pre-leveranciers (boerderijen) | G58: Numero de agricultores por proveedor | H58: Pre-supplier (농장) 숫자 | I58: numero di pre-fornitori (aziende agricole) | J58: nombre de fournisseurs (agriculteurs) | K58: Numărul furnizori (agricultură) | L58: número de pré-fornecedores (fazendas) | M58: beszállítók száma (gazdaságok)
A59: =CHOOSE($O$1,B59,C59,D59,E59,F59,G59,H59,I59,J59,K59,L59,M59) -> location of supplying sites (country, region) | B59: Lage der Lieferanten (Land, Region) | C59: location of supplying sites (country, region) | D59: расположение сельскохозяйственных объектов (страна, регион) | E59: lokalizacja gospodarstw rolnych (kraj, region) | F59: locaties van boerderijen (land, provincie/regio) | G59: ubicación de los sitios de las granjas (país, region) | H59: 농장 위치(국가, 지역) | I59: ubicazione delle aziende agricole (paese, regione) | J59: situation des exploitations agricoles (pays, region) | K59: Locatia fermelor ( tara, regiune) | L59: localização das fazendas (país, região) | M59: a gazdaságok elhelyezkedése (ország, régió)
A60: =CHOOSE($O$1,B60,C60,D60,E60,F60,G60,H60,I60,J60,K60,L60,M60) -> The exact data of location are nown and/or available. | B60: Die genauen Lagedaten der Landwirtschaftsflächen sind bekannt und/oder vorhanden. | C60: The exact data of location are nown and/or available. | D60: Известно ли точное местоположения фермерских хозяйств? | E60: Czy są znane i/lub dostępne dokładne dane opisujące lokalizację gospodarstw rolnych? | F60: Zijn de adresgegevens van de boerderijen bekend en/of beschikbaar? | G60: Se conocen y/o están disponibles datos exactos sobre la ubicación de las granjas? | H60: 농장 위치에 대한 정확한 자료가 있나요? | I60: Esistono e/o sono disponibili dati per l'identificazione dell'ubicazione delle aziende agricole? | J60: Les données géographiques exactes des exploitations agricoles sont-elles connues et/ou disponibles ? | K60: Exista date exacte despre locatiile fermelor cunoscute/sau disponibile | L60: Existem dados exatos para a localização das fazendas conhecidos e/ou disponíveis? | M60: A gazdaságok pontos elhelyezkedésére vonatkozó adatok rendelkezésre állnak?
A61: =CHOOSE($O$1,B61,C61,D61,E61,F61,G61,H61,I61,J61,K61,L61,M61) -> 0
A62: =CHOOSE($O$1,B62,C62,D62,E62,F62,G62,H62,I62,J62,K62,L62,M62) -> All agricultural supplier demonstrably participate in cross compliance. | B62: Alle landwirtschflichen Lieferanten nehmen nachweislich an cross compliance Regelung teil. | C62: All agricultural supplier demonstrably participate in cross compliance. | D62: Все фермерские хозяйства участвуют в "перекрестном соответствии" ("cross compliance") | E62: Czy wszyscy dostawcy rolni uczestniczą w programach wzajemnej zgodności (cross-compliance)? | F62: Zijn alle agrarische leveranciers deelnemers in de cross-compliance? | G62: Participan todo los proveedores agrícolas en el sistema de condicionalidad? (cross-compliance) | H62: 모든 농산물 공급자는 상호 준수사항에 관계되어 있나요? | I62: Sono tutte le aziende agricole fornitrici cross compliant? | J62: Tous les agriculteurs livreurs sont-ils engagés dans l’éco-conditionnalité de la PAC ? | K62: Toti furnizorii agricoli participa la sistemul Cross Compliance | L62: Todos os fornecedores agrícolas participam da totalidade? | M62: Minden mezőgazdasági beszállító részt vesz a kölcsönös megfeltetésben?
A63: =CHOOSE($O$1,B63,C63,D63,E63,F63,G63,H63,I63,J63,K63,L63,M63) -> 0 | B63: Für Abfallsammler
A64: =CHOOSE($O$1,B64,C64,D64,E64,F64,G64,H64,I64,J64,K64,L64,M64) -> number of pre-supplier (points of origin of waste/residues) | B64: Anzahl der Vorlieferanten (Entstehensbetriebe für Abfall/Reste) | C64: number of pre-supplier (points of origin of waste/residues) | D64: Количество первичных поставщиков (пунктов происхождения отходов / остатков) | E64: liczba dostawców (punkty wytwarzające odpady.pozostałości) | F64: Aantal pre-leveranciers (oorsprong rest- en afvalstoffen) | G64: Numero de proveedores (puntos de origen de restos/residuos) | H64: Pre-supplier 폐식용류/잔류물의 시작점 숫자 | I64: numero di pre-fornitori (punti di origine dei rifiuti/residui) | J64: nombre de fournisseurs (points d'origine de déchets et résidus : restaurants, industries...) | K64: Numărul furnizori (firme de origine al gunoiului) | L64: número de pré-fornecedores (restos/resíduos) | M64: Beszállítók száma (hulladék/maradvány származási helye)
A65: =CHOOSE($O$1,B65,C65,D65,E65,F65,G65,H65,I65,J65,K65,L65,M65) -> thereof supplier generating more than 10 tons of a waste / residue per month (120 t / year) | B65: davon Lieferanten mit Produktion >10 t Abfall/Reststoff pro Monat (120 t / Jahr) | C65: thereof supplier generating more than 10 tons of a waste / residue per month (120 t / year) | D65: Количество поставщиков отдохов/остатков > чем 10 мт / месяц | E65: Liczba dostawców (odpady/pozostałości)>10 t/miesiąc | F65: Daarvan het aantal toeleveranciers (afval/reststoffen) die > 10 ton/maand of >120 ton/jaar genereren | G65: de ello proveedores > 10 toneladas/mes | H65: 월간 10통 이상 waste/residue를 발생하는 공급자 (연간 120톤) | I65: di cui fornitori che generano più di 10 tons di scarti/residui per mese (120 t/anno) | J65: nombre de fournisseurs réalisant plus de 10 tonnes/mois (120 tonnes/an) | K65: din care furnizorul genereaza mai mult de 10 tone de deseuri/reziduuri pe luna (120 t/an) | L65: do mesmo fornecedor gerando mais de 10 toneladas de resto/resíduo por mês (120 t / ano) | M65: ebből a havi 10 t-nál több hulladékot/maradványt beszállítók száma (120t/év)
A66: =CHOOSE($O$1,B66,C66,D66,E66,F66,G66,H66,I66,J66,K66,L66,M66) -> for processing and conversion units | B66: Für Verarbeitungs- und Konversionsanlagen | C66: for processing and conversion units | F66: voor verwerkingsbedrijven | H66: 가공 공장을 위해서 | I66: per centri di trasformazione | J66: Pour les unités de transformation | K66: pentru unitatile de procesare | L66: para unidades de processamento | M66: feldolgozó üzemek részére
A67: =CHOOSE($O$1,B67,C67,D67,E67,F67,G67,H67,I67,J67,K67,L67,M67) -> date of inital operation | B67: Datum der Inbetriebnahme | C67: date of inital operation | F67: datum van ingebruikname | H67: 최초 생산 날짜 | I67: data di inizio delle attività | J67: date de mise en service de l'unité | K67: data operatiunii initiale | L67: data da operação inicial | M67: a működése kezdetének dátuma
A68: =CHOOSE($O$1,B68,C68,D68,E68,F68,G68,H68,I68,J68,K68,L68,M68) -> Name of operational unit | B68: Name der Betriebsstätte | C68: Name of operational unit | D68: Название оперативного подразделения | E68: Liczba jednostek operacyjnych | F68: Naam van de productiefaciliteit | G68: Nombre de la unidad operativa | H68: 작업장의 이름 | I68: Denominazione dell'unità operativa | J68: Nom du service/site | K68: Numele punctului de lucrare | L68: Nome da unidade operacional | M68: Műveleti egység neve
A69: =CHOOSE($O$1,B69,C69,D69,E69,F69,G69,H69,I69,J69,K69,L69,M69) -> Location | B69: Ort | C69: Location | D69: Местоположение | E69: Lokalizacja | F69: Locatie | G69: Localización | H69: 주소 (전체적인 주소를 적어 주십시오) | I69: Indirizzo | J69: Lieu | K69: Locul | L69: Localização | M69: Helyszíne
A70: =CHOOSE($O$1,B70,C70,D70,E70,F70,G70,H70,I70,J70,K70,L70,M70) -> Function(s) | B70: Funktion(en) | C70: Function(s) | D70: Функция (-и) | E70: Funkcja (funkcje) | F70: Functie(s) | G70: Funcion(s) | H70: 역할(활동) | I70: Funzione(i) | J70: Activité | K70: Funcțiuni(i) | L70: Função | M70: Tevékenysége
A71: =CHOOSE($O$1,B71,C71,D71,E71,F71,G71,H71,I71,J71,K71,L71,M71) -> Flow of goods | B71: Warenfluss | C71: Flow of goods | D71: Товаропоток | E71: Przepływ towarów | F71: Goederenstroom | G71: Flujo de materiales | H71: 제품의 흐름 | I71: Flusso delle merci | J71: Produits | K71: Bilanț de marfă | L71: Fluxo de materiais | M71: Termékáramlás
A72: =CHOOSE($O$1,B72,C72,D72,E72,F72,G72,H72,I72,J72,K72,L72,M72) -> Please list the goods receiving (raw material) and goods issuing (products) that are relevant for sustainability certification. | B72: Bitte Listen Sie die für die Nachhaltigkeitszertifizierung relevanten Wareneingänge (Rohstoffe) und Warenausgänge (Produkte) auf. | C72: Please list the goods receiving (raw material) and goods issuing (products) that are relevant for sustainability certification. | D72: Пожалуйста, перечислите получаемый товар (сырье) и товар выдачи (продукцию), которые важны для сертификации устойчивости. | E72: Proszę wymienić towary zakupione (surowce) oraz sprzedawane (produkty) isttne dla celów zrównoważonej certyfikacji. | F72: Beschrijf de inkomende (grondstoffen) en uitgaande goederen (producten) die van toepassing zijn voor de duurzaamheidscertificering | G72: Por favor facilite una lista de los materiales recibidos (materia prima) y emision de materriales (productos) que son de importancia para la certificación de la sostenibilidad. | H72: 신청하신 인증에 관련된 입고된 제품(원료) 및 출고된 제품을 적어 주십시오. | I72: Prego fare una lista dei prodotti ricevuti (materia prima) e dei prodotti ceduti (prodotti) che sono rilevanti per la certificazione di sostenibilità. | J72: Merci de lister les produits entrants (matières premières) et les produits sortants qui sont dans le périmètre de certification. Merci d'indiquer les quantités annuelles. | K72: Vă rugăm să faceți o listă cu toate marfe primite (materii prime) și toate produse care se supuse certificarei de sustenabilitate | L72: Por favor liste os bens recebidos (matéria prima) e bens enviados (produtos) que são relevantes para a certificação de sustentabilidade. | M72: Kérjük tüntesse fel a fenntarthatósági tanúsításhoz tartozó beérkező terméket (nyersanyagot) és az előállított terméket (végtermék).
A73: =CHOOSE($O$1,B73,C73,D73,E73,F73,G73,H73,I73,J73,K73,L73,M73) -> goods receipt | B73: Wareneingang | C73: goods receipt | D73: поступление товара | E73: towary nabyte | F73: Goederenontvangst | G73: Materiales recibidos | H73: 입고된 제품 | I73: Materie prime | J73: produits entrants | K73: Marfe primite | L73: Matérias primas | M73: beérkező termékek
A74: =CHOOSE($O$1,B74,C74,D74,E74,F74,G74,H74,I74,J74,K74,L74,M74) -> goods issue | B74: Warenausgang | C74: goods issue | D74: отпуск товара | E74: towary sprzedane | F74: Goederenuitgifte | G74: Materiales emitidos/producidos | H74: 출고된 제품 | I74: Prodotti | J74: produits sortants | K74: Marfe trimise & produsele | L74: Produtos | M74: előállított termékek
A75: =CHOOSE($O$1,B75,C75,D75,E75,F75,G75,H75,I75,J75,K75,L75,M75) -> management | B75: Management | C75: management | D75: управление | E75: Zarządzanie | F75: Management/Directie | G75: gestión | H75: 관리 | J75: Management | K75: Management | L75: Gestão | M75: Vállalatirányítás
A76: =CHOOSE($O$1,B76,C76,D76,E76,F76,G76,H76,I76,J76,K76,L76,M76) -> There already is or was certification along against an RED scheme in place (SURE, REDcert, ISCC, 2BSvs, etc). | B76: Es gab oder gibt bereits eine Zertifizierung nach einem RED Standard (SURE, REDcert, ISCC, 2BSvs, etc). | C76: There already is or was certification along against an RED scheme in place (SURE, REDcert, ISCC, 2BSvs, etc). | D76: Компания, подающая заявление, уже сертифицирована или имела сертификации ЕС в отношении другого принятого стандарта устойчивости, в соответствии с 28/2009/EC. | E76: Aplikujace przedsiębiorstwo jest/było certyfikowana według innego standardu zaakceptowanego przez Unię Europejską według Dyrektywy 28/2009/WE. | F76: Er is of was al een RED-I/II erkend schema (SURE, REDcert, ISCC, 2BSvs, etc) geimplementeerd bij het bedrijf | G76: La organización solicitante tiene o ha tenido una certificación de algun esquema de sostenibilidad aprobado por la EU de acuerdo a 28/2009/EC. | H76: 신청업체에서 28/2009/EC에 따라 이미 다른 EU에서 인정된 지속가능한 기준에 대한 인증을 받았습니다. | I76: L'azienda richiedente ha o ha avuto una certificazione rispetto ad uno standard RED-I/II (SURE, REDcert, ISCC, 2BSvs, etc). | J76: Votre entreprise a déjà ou avait une certification pour un schéma volontaire accepté en Europe selon la directive 2009/28/CE | K76: Exista deja sau a existat o certificare impreuna cu schema RED din vigoare. | L76: Já existe ou existiu uma certificação de alguma norma aceita pela RED. | M76: A jelentkező vállalkozás rendelkezett vagy jelenleg is rendelkezik más EU által elfogadott, 28/2009/EC szerinti fenntarthatósági szabvánnyal ???
A77: =CHOOSE($O$1,B77,C77,D77,E77,F77,G77,H77,I77,J77,K77,L77,M77) -> yes, according the following standard: | B77: ja, nach folgendem Standard: | C77: yes, according the following standard: | D77: да, в соответствии со следующим стандартом: | E77: tak, według następujących standardów: | F77: Ja, naar het volgende schema: | G77: Si, en base al siguioente standard: | H77: 네, 다음과 같은 인증을 받았습니다. | I77: si, in accordo al seguente standard: | J77: oui, le schéma est : | K77: da, după standardul următor: | L77: sim, de acordo com a seguinte norma: | M77: igen, a következő szabvánnyal rendelkezik:
A78: =CHOOSE($O$1,B78,C78,D78,E78,F78,G78,H78,I78,J78,K78,L78,M78) -> no | B78: nein | C78: no | D78: нет | E78: nie | F78: Nee | G78: no | H78: 아니오 | I78: no | J78: non | K78: nu | L78: não | M78: nem
A79: =CHOOSE($O$1,B79,C79,D79,E79,F79,G79,H79,I79,J79,K79,L79,M79) -> The applying company has implemented further standards which document management, product hygiene, traceability or similar. | B79: Das Antrag stellende Unternehmen hat weitere Standards implementiert welche Management, Produkthygiene, Rückverfolgbarkeit oder Änliches dokumentieren. | C79: The applying company has implemented further standards which document management, product hygiene, traceability or similar. | D79: Компания, подающая заявление внердила следующие стандарты, которые относятся к качеству менеджмента, гигиены продуктов, отслеживаемости или аналогичных. | E79: Aplikujące przedsiębiorstwo wdrożyło dodatkowe standardy, które dokumentują system zarządzania, higienę produkcji, identyfikowalność lub podobne. | F79: Het inschrijvende bedrijf heeft al standaard geimplementeerd die het mangementsysteem, producthygiene, traceerbaarheid of iets dergelijks documenteert | G79: La organización solicitante ha implementado mas estandares que documentan la gestión, higiene de producto, trazabilidad y asuntos similares. | H79: 신청업체에서 문서관리, 위생, 추적성, 등과 같은 다른 인증을 받았습니다. | I79: L'azienda richiedente ha implementato altri standard che prevedono gestione documentale, igiene del prodotto, tracciabilità o similari. | J79: Votre entreprise a mis en place un système qualité pour d'autres normes ou référentiels concernant l'hygiène, la traçabilité, l'environnement ou autre. | K79: Firma care pune cererea a împlementat deja alte standarde care documentez managementul, Igiena de prosuse, transparența al fabricarei produselor sau alte. | L79: A empresa solicitante implementou outras normas de gestão de documentos, higiene de produto, rastreabilidade ou similar. | M79: A vállalkozás bevezetett dokumentumkezelési, termék-higiéniai, nyomon követhetőségi vagy más hasonló szabványt.
A80: =CHOOSE($O$1,B80,C80,D80,E80,F80,G80,H80,I80,J80,K80,L80,M80) -> yes, following standards: | B80: ja, folgende Standards: | C80: yes, following standards: | D80: да, следующие стандарты: | E80: tak, następujące standardy | F80: Ja, de volgende standaarden: | G80: si, los siguientes estandares: | H80: 네, 다음과 같은 인증을 받았습니다. | I80: si, i seguenti standards: | J80: oui, le référentiel est : | K80: da, după standardele următare: | L80: sim, as seguintes normas: | M80: igen, a következő(ket):
A81: =CHOOSE($O$1,B81,C81,D81,E81,F81,G81,H81,I81,J81,K81,L81,M81) -> no | B81: nein | C81: no | D81: нет | E81: nie | F81: Nee | G81: no | H81: 아니오 | I81: no | J81: non | K81: nu | L81: não | M81: nem
A82: =CHOOSE($O$1,B82,C82,D82,E82,F82,G82,H82,I82,J82,K82,L82,M82) -> The signee declares that he thruthfull and completely filled out the application form. | B82: Der Unterzeichnende erklärt, das Antragsformular wahrheitsgemäß und vollständig ausgefüllt zu haben. | C82: The signee declares that he thruthfull and completely filled out the application form. | D82: Подписывающийся признает, что заявление было заполнено правдиво и полностью | E82: Ja, niżej podpisany, deklaruję wypełnienie tego formularza zgłoszeniowego zgodnie z prawdą. | F82: De ondertekende verklaart dit formulier naar waarheid en volledigheid te hebben ingevuld. | G82: El abajo firmante declara haber cumplimentado el cuestionario de solicitud verazmenteull and completely filled out the application form. | H82: 신청인은 본 신청서를 사실 그대로를 정확하게 적었음을 확인합니다. | I82: Il firmatario dichiara di aver compilato in tutte le sue parti ed in maniera veritiera il modulo per l'applicazione . | J82: Le signataire déclare que les informations mentionnées dans ce document sont vraies, exactes et complètes. | K82: Subsemnatul declare ca informatiile furnizate sunt complete si corecte in fiecare detaliu | L82: O signatário declara que as informações são verdadeiras e que preencheu corretamente o formulário de solicitação. | M82: Aláírásommal igazolom, hogy e jelentkezési lapot teljesen kitöltöttem és a megadott információk a valóságnak megfelelnek.
A83: =CHOOSE($O$1,B83,C83,D83,E83,F83,G83,H83,I83,J83,K83,L83,M83) -> Name of company | B83: Name des Unternehmens | C83: Name of company | D83: Название предприятия | E83: Nazwa przedsiębiorstwa | F83: Bedrijfsnaam | G83: Nombre de la organización | H83: 업체 명 | I83: Nome dell'azienda | J83: Nom de l'entreprise | K83: Numele firmei | L83: Nome da empresa | M83: Vállalkozás neve
A84: =CHOOSE($O$1,B84,C84,D84,E84,F84,G84,H84,I84,J84,K84,L84,M84) -> Legal representative of the company | B84: Rechtsvertreter (Name des Unterschriftsberechtigten für das Unternehmen) | C84: Legal representative of the company | D84: Правовой представитель предприятия | E84: Przedstawiciel prawny | F84: Juridisch vertegenwoordiger van het bedrijf | G84: Reprsentante legal de la organización | H84: 회사 대표 | I84: Rappresentante Legale dell'azienda | J84: Représentant légal de l'entreprise | K84: Numele Representantului juridic (Persoana care este autorizată să semneze pentru firma) | L84: Representante legal da empresa | M84: A vállalkozás aláírásra jogosult képviselője
A85: =CHOOSE($O$1,B85,C85,D85,E85,F85,G85,H85,I85,J85,K85,L85,M85) -> Date, Signature | B85: Datum, Unterschrift | C85: Date, Signature | D85: Дата, Подпись | E85: Data, podpis | F85: Datum, handtekening | G85: fecha, firma | H85: 날짜 서명 (서명을 하거나 회사 직인을 찍어 주십시오) | I85: Data, Firma | J85: Date, Signature | K85: Data, Semnătura | L85: Data, Assinatura | M85: Dátum, aláírás
A86: =CHOOSE($O$1,B86,C86,D86,E86,F86,G86,H86,I86,J86,K86,L86,M86) -> Basing on the above mentioned information the Control Union Certifications Germany GmbH will provide and send the applicant a non-binding offer. | B86: Basierend auf den oben genannten Informationen wird die CUCG GmbH dem Unternehmen ein unverbindliches Vertragsangebot erstellen und zukommen lassen. | C86: Basing on the above mentioned information the Control Union Certifications Germany GmbH will provide and send the applicant a non-binding offer. | D86: На основании указанной информации PCU Deutschland GmbH предоставит и направит заявителю предложение о сертификации. | E86: Na podstawie powyższych informacji PCU Deutschland GmbH przygotuje niezobowiązującą ofertę. | F86: Gebaseerd op bovenstaande informatie zal PCU Deutschland GmbH een passende offerte samenstellen en verzenden | G86: En base a la información facilitada PCU Deutschland GmbH presentara una oferta de servicios personalizada a la organización. | H86: 위와 같은 정보를 바탕으로 PCU Deutschland GmbH는 제안서를 적성해 보내 드리겠습니다. | I86: Basandosi sulle informazioni sopra menzionate PCU Deutschland GmbH elaborerà ed invierà al richiedente un'offerta non vincolante. | J86: Sur la base des informations mentionnées, l'équipe de PCU vous enverra une offre de certification. | K86: Basat pe informații predate, PCU Deutschland GmbH va elabora făra obligați pentru firma respectiva o offertă de contract și o va trimite | L86: Baseado nas informações acima mencionadas a PCU Deutschland GmbH providenciará e enviará uma proposta sem compromisso ao solicitante. | M86: A fenti információk alapján a PCU Deutchland GmbH egy nem kötelező érvényű szerződés-ajánlatot készít Önnek.
A87: =CHOOSE($O$1,B87,C87,D87,E87,F87,G87,H87,I87,J87,K87,L87,M87) -> Please send the filled application form to your local contact office or to: | B87: Bitte senden Sie das ausgefüllte Antragsformular an: | C87: Please send the filled application form to your local contact office or to: | D87: Пожалуйста, отправьте заполненный бланк заявления на: | E87: Zgłoszenie proszę wysłać na adres: | F87: Stuur dit aanmeldingsformulier naar je contactpersoon of naar: | G87: Por favor envie el cuestionario de solicitud cumplimentado a: | H87: 작성된 신청서는 컨트롤유니온코리아로 보내 주십시오 | I87: Prego inviare il modulo di richiesta al vostro ufficio locale di contatto o a: | J87: Merci d'envoyer ce document rempli à votre contact CU ou à : | K87: Vă rugăm să trimiteți cererea completata catre biroul local sau catre: | L87: Por favor envie o formulário de solicitação preenchido para o seu contato no escritório local ou para: | M87: Kérjük, a kitöltött jelentkezési lapot küldje a helyi kapcsolattartó irodához vagy a következő címre:

Sheet __Goal_Metadata
A1: _KAW999934 | B1: J
A2: _KAW999929 | B2: 60439f37-d936-4645-b07b-cf2e97aee55e
